Ducks vs Jets

Created - Monday, March 21, 2016 at 03:12

Goals
1 2 3 T
Ducks 0 1 2 3
Jets 2 3 1 6
Shots
1 2 3 T
Ducks 6 7 15 28
Jets 13 6 17 36

1st period

1. Jets , Alex Ovechkin 59 (Brad Stuart) at 5:35
2. Jets , Blake Wheeler 38 (Filip Forsberg, John Carlson) at 13:41 (PP)

Penalties :
Martin Marincin (Ana) for Hooking (Minor) at 8:57, Tanner Glass (Ana) for Tripping (Minor) at 12:32

2nd period

3. Jets , Filip Forsberg 18 (Blake Wheeler) at 1:06 (PP)
4. Ducks , Brett Bellemore 1 (Brad Richardson) at 4:03 (PP)
5. Jets , Blake Wheeler 39 (Ryan Getzlaf, Filip Forsberg) at 12:50 (PP)
6. Jets , Patrick Kane 38 (Alex Ovechkin) at 19:22

Penalties :
Chris Stewart (Ana) for Hooking (Minor) at 0:17, Claude Giroux (Wpg) for Interference (Minor) at 2:09, Chris Stewart (Ana) for Hooking (Minor) at 12:08, Jarret Stoll (Wpg) for Tripping (Minor) at 16:14

3rd period

7. Jets , Filip Forsberg 19 (John Carlson, Ryan Getzlaf) at 2:21 (PP)
8. Ducks , James Sheppard 4 (Martin Marincin, Nikita Nikitin) at 14:18 (PP)
9. Ducks , Nikita Kucherov 14 (David Moss, Connor Murphy) at 16:19

Penalties :
Brett Bellemore (Ana) for Roughing (Minor) at 0:44, Blake Wheeler (Wpg) for Fighting (Major) at 10:52, Jared Cowen (Ana) for Fighting (Major) at 10:52, Ryan Getzlaf (Wpg) for Slashing (Minor) at 13:56

Goalie Stats

Jhonas Enroth (Ana), 13 saves from 17 shots - (0.765), L, 14-19-4, 32:50 minutes
Jonathan Bernier (Ana), 17 saves from 19 shots - (0.895), 27:10 minutes
Jonathan Quick (Wpg), 25 saves from 28 shots - (0.893), W, 33-29-3, 60:00 minutes

Players Stats for Ducks

Player Name              G  A  P  +/- PIM S  H  SB GA TA FO     MP     PP MP  PK MP  
------------------------------------------------------------------------------------
Andrew MacWilliam        0  0  0   0  0   0  0  0  0  0  0/0     0:00   0:00   0:00 
Blake Comeau             0  0  0  -1  0   1  2  0  0  0  0/1     9:53   0:30   0:46 
Brad Richardson          0  1  1  -1  0   2  1  0  0  0  3/6    20:06   2:19   0:57 
Brett Bellemore          1  0  1   0  2   3  1  4  1  1  0/0    22:57   1:37   2:38 
Chris Stewart            0  0  0  -1  4   2  0  0  0  0  0/0     7:37   0:00   0:00 
Connor Murphy            0  1  1   0  0   0  0  3  0  3  0/0    19:24   0:00   0:00 
David Moss               0  1  1   1  0   0  1  1  0  2  4/9    12:26   0:00   0:00 
James Sheppard           1  0  1   0  0   1  1  1  0  0  4/16   22:10   2:16   5:19 
Jared Cowen              0  0  0   0  5   4  2  1  1  0  0/0    20:44   2:16   2:46 
Jean-Gabriel Pageau      0  0  0  -1  0   1  1  2  1  1  7/14   16:23   1:56   0:57 
Jonathan Huberdeau       0  0  0   0  0   1  1  0  1  0  0/5    23:41   1:29   4:33 
Kyle Palmieri            0  0  0  -1  0   4  2  0  3  0  0/0    13:30   0:00   0:00 
Martin Marincin          0  1  1   1  2   1  2  3  0  2  0/0    21:07   2:38   2:24 
Nikita Kucherov          1  0  1   1  0   2  0  0  3  0  0/0    12:37   0:00   0:00 
Nikita Nikitin           0  1  1  -2  0   3  0  2  1  0  0/0    24:06   1:58   4:14 
Ryan Murphy              0  0  0  -1  0   2  0  1  0  1  0/0    11:40   0:01   0:30 
Tanner Glass             0  0  0   0  2   0  2  1  0  0  0/2    17:57   2:19   0:00 
Tom Wilson               0  0  0   0  0   1  1  0  5  1  0/0    17:15   1:56   0:00 

Players Stats for Jets

Player Name              G  A  P  +/- PIM S  H  SB GA TA FO     MP     PP MP  PK MP  
------------------------------------------------------------------------------------
Alex Ovechkin            1  1  2   2  0   7  2  1  1  0  0/1    17:59   3:08   0:40 
Blake Wheeler            2  1  3   0  5   2  0  0  3  0  2/2    15:35   3:08   0:00 
Brad Stuart              0  1  1   2  0   0  2  4  0  0  0/0    14:13   0:00   2:56 
Claude Giroux            0  0  0  -1  2   2  1  0  1  1  6/8    14:38   0:00   1:32 
Erik Johnson             0  0  0   0  0   1  2  3  0  1  0/0    24:32   3:22   1:19 
Filip Forsberg           2  2  4   0  0   4  1  0  0  0  0/0    17:26   3:08   0:00 
Jake Muzzin              0  0  0   2  0   1  0  0  0  0  0/0    16:10   0:00   0:00 
Jarret Stoll             0  0  0   0  2   1  0  1  0  1  5/12   11:26   0:00   2:03 
John Carlson             0  2  2  -1  0   3  1  2  0  3  0/0    24:10   2:54   2:56 
John Tavares             0  0  0   2  0   1  0  0  2  0  13/17  20:18   3:08   0:00 
Jussi Jokinen            0  0  0  -1  0   0  1  0  1  1  1/1    18:16   0:00   3:35 
Matt Hendricks           0  0  0   0  0   0  0  0  0  0  0/0     2:58   0:00   0:00 
Oliver Ekman-Larsson     0  0  0   0  0   1  0  0  0  0  0/0    19:39   3:22   1:19 
Patrick Kane             1  0  1   2  0   6  0  2  1  0  0/1    15:50   3:08   0:00 
Patrik Elias             0  0  0   0  0   2  2  2  0  0  0/0    10:43   0:00   0:40 
Ryan Getzlaf             0  2  2   0  2   4  0  1  1  0  8/11   17:25   3:08   0:00 
Victor Hedman            0  0  0  -1  0   1  1  0  0  2  0/0    21:14   2:54   0:00 
Wayne Simmonds           0  0  0  -1  0   0  1  0  5  0  0/0    13:04   0:00   0:00 

3 Stars

1 - Filip Forsberg (Wpg)
2 - Alex Ovechkin (Wpg)
3 - Patrick Kane (Wpg)

Power Play

Ducks - 2 on 3 Attempt(s) - 66.67%
Jets - 4 on 5 Attempt(s) - 80.00%

Penalty Kill

Ducks - 1 on 5 Attempt(s) - 20.00% - Score 0 goal in Penalty Kill
Jets - 1 on 3 Attempt(s) - 33.33% - Score 0 goal in Penalty Kill

Team Stat

Ducks - Hits : 17 - Faceoff Wins : 18 - Blocked Shots : 19 - Penalty Minutes : 15
Jets - Hits : 14 - Faceoff Wins : 35 - Blocked Shots : 16 - Penalty Minutes : 11

Official

Referees : Unknown
Linesman : Unknown

Game Notes

Matt Hendricks is injured at 16:35 of 1st period (Upper Body)
Jonathan Bernier enters game at 12:50 of 2nd period
Jared Cowen beats up Blake Wheeler at 10:52 of 3rd period

Finance

Level 1 -- Attendance: 6000 (100.00%) -- Ticket Income $510,000
Level 2 -- Attendance: 4574 (91.48%) -- Ticket Income $251,570
Level 3 -- Attendance: 1971 (98.55%) -- Ticket Income $59,130
Level 4 -- Attendance: 3026 (75.65%) -- Ticket Income $60,520
Luxury Box -- Attendance: 1000 (100.00%) -- Ticket Income $160,000
Game was played at the MTS Center.
Total Attendance: 16571 (92.06%)
Total Ticket Income: $1,041,220
Other Income: $510,198
Total Income: $1,551,418

Ducks

5 vs 5 Forward 
   Center                   Left Wing                Right Wing               Time % Phy DF OF 
 1 James Sheppard           Tom Wilson               Tanner Glass             36     1   2  2  
 2 David Moss               Jonathan Huberdeau       Nikita Kucherov          30     1   2  2  
 3 Jonathan Huberdeau       Blake Comeau             Chris Stewart            21     1   2  2  
 4 Jean-Gabriel Pageau      Brad Richardson          Kyle Palmieri            13     1   2  2  

5 vs 5 Defense 
   Defense                  Defense                                           Time % Phy DF OF 
 1 Brett Bellemore          Jared Cowen                                       35     1   2  2  
 2 Connor Murphy            Martin Marincin                                   30     1   2  2  
 3 Ryan Murphy              Nikita Nikitin                                    22     1   2  2  
 4 Nikita Nikitin           Connor Murphy                                     13     1   2  2  

PowerPlay Forward 
   Center                   Left Wing                Right Wing               Time % Phy DF OF 
 1 Brad Richardson          Tanner Glass             James Sheppard           60     1   2  2  
 2 Jean-Gabriel Pageau      Jonathan Huberdeau       Tom Wilson               40     1   2  2  

PowerPlay Defense
   Defense                  Defense                                           Time % Phy DF OF 
 1 Nikita Nikitin           Brett Bellemore                                   60     1   2  2  
 2 Jared Cowen              Martin Marincin                                   40     1   2  2  

Penalty Kill 4 Players Forward 
   Center                   Wing                     Time % Phy DF OF 
 1 James Sheppard           Jonathan Huberdeau       60     1   2  2  
 2 Jean-Gabriel Pageau      Brad Richardson          40     1   2  2  

Penalty Kill 4 Players Defense
   Defense                  Defense                  Time % Phy DF OF 
 1 Nikita Nikitin           Martin Marincin          60     1   2  2  
 2 Brett Bellemore          Jared Cowen              40     1   2  2  

Penalty Kill - 3 Players Forward 
   Forward                                           Time % Phy DF OF 
 1 Jonathan Huberdeau                                60     1   2  2  
 2 Brad Richardson                                   40     1   2  2  

Penalty Kill - 3 Players Defense
   Defense                  Defense                  Time % Phy DF OF 
 1 Jared Cowen              Brett Bellemore          60     1   2  2  
 2 Nikita Nikitin           Connor Murphy            40     1   2  2  

4 vs 4 Forward 
   Center                   Wing                     Time % Phy DF OF 
 1 James Sheppard           Brad Richardson          60     1   2  2  
 2 Jonathan Huberdeau       Tom Wilson               40     1   2  2  

4 vs 4 Defense
   Defense                  Defense                  Time % Phy DF OF 
 1 Nikita Nikitin           Brett Bellemore          60     1   2  2  
 2 Martin Marincin          Jared Cowen              40     1   2  2  

Last Minutes Offensive
   Center                   Left Wing                Right Wing               Defense                  Defense                  
   James Sheppard           Tom Wilson               Tanner Glass             Brett Bellemore          Jared Cowen              

Last Minutes Defensive
   Center                   Left Wing                Right Wing               Defense                  Defense                  
   James Sheppard           Tom Wilson               Tanner Glass             Brett Bellemore          Jared Cowen              

Goaltenders
Starting : Jhonas Enroth            
Backup : Jonathan Bernier         

Extra Forwards
Normal : James Sheppard, Brad Richardson, Jonathan Huberdeau - PP : Brad Richardson, Jonathan Huberdeau - PK : Jonathan Huberdeau
Extra Defensemen
Normal : Brett Bellemore, Nikita Nikitin, Jared Cowen - PP : Nikita Nikitin - PK : Nikita Nikitin, Brett Bellemore
Penalty Shots
Tom Wilson, Brad Richardson, Jonathan Huberdeau, James Sheppard, Jean-Gabriel Pageau

Jets

5 vs 5 Forward 
   Center                   Left Wing                Right Wing               Time % Phy DF OF 
 1 John Tavares             Alex Ovechkin            Patrick Kane             31     0   2  3  
 2 Ryan Getzlaf             Filip Forsberg           Blake Wheeler            28     0   2  3  
 3 Claude Giroux            Jussi Jokinen            Wayne Simmonds           24     1   2  2  
 4 Jarret Stoll             Patrik Elias             Matt Hendricks           17     1   2  2  

5 vs 5 Defense 
   Defense                  Defense                                           Time % Phy DF OF 
 1 Victor Hedman            John Carlson                                      35     1   2  2  
 2 Oliver Ekman-Larsson     Erik Johnson                                      30     1   2  2  
 3 Jake Muzzin              Brad Stuart                                       22     1   2  2  
 4 Jake Muzzin              Erik Johnson                                      13     1   2  2  

PowerPlay Forward 
   Center                   Left Wing                Right Wing               Time % Phy DF OF 
 1 John Tavares             Alex Ovechkin            Patrick Kane             60     1   2  2  
 2 Ryan Getzlaf             Filip Forsberg           Blake Wheeler            40     1   2  2  

PowerPlay Defense
   Defense                  Defense                                           Time % Phy DF OF 
 1 Oliver Ekman-Larsson     Erik Johnson                                      60     1   2  2  
 2 Victor Hedman            John Carlson                                      40     1   2  2  

Penalty Kill 4 Players Forward 
   Center                   Wing                     Time % Phy DF OF 
 1 Jarret Stoll             Jussi Jokinen            60     1   2  2  
 2 Claude Giroux            Matt Hendricks           40     1   2  2  

Penalty Kill 4 Players Defense
   Defense                  Defense                  Time % Phy DF OF 
 1 Brad Stuart              John Carlson             60     1   2  2  
 2 Oliver Ekman-Larsson     Erik Johnson             40     1   2  2  

Penalty Kill - 3 Players Forward 
   Forward                                           Time % Phy DF OF 
 1 Jarret Stoll                                      60     1   2  2  
 2 Claude Giroux                                     40     1   2  2  

Penalty Kill - 3 Players Defense
   Defense                  Defense                  Time % Phy DF OF 
 1 Brad Stuart              John Carlson             60     1   2  2  
 2 Oliver Ekman-Larsson     Erik Johnson             40     1   2  2  

4 vs 4 Forward 
   Center                   Wing                     Time % Phy DF OF 
 1 John Tavares             Alex Ovechkin            60     1   2  2  
 2 Ryan Getzlaf             Patrick Kane             40     1   2  2  

4 vs 4 Defense
   Defense                  Defense                  Time % Phy DF OF 
 1 John Carlson             Erik Johnson             60     1   2  2  
 2 Oliver Ekman-Larsson     Jake Muzzin              40     1   2  2  

Last Minutes Offensive
   Center                   Left Wing                Right Wing               Defense                  Defense                  
   Ryan Getzlaf             Alex Ovechkin            Blake Wheeler            John Carlson             Erik Johnson             

Last Minutes Defensive
   Center                   Left Wing                Right Wing               Defense                  Defense                  
   Ryan Getzlaf             Alex Ovechkin            Blake Wheeler            John Carlson             Erik Johnson             

Goaltenders
Starting : Jonathan Quick           
Backup : Jake Allen               

Extra Forwards
Normal : John Tavares, Patrik Elias, Jussi Jokinen - PP : John Tavares, Patrik Elias - PK : Jussi Jokinen
Extra Defensemen
Normal : Jake Muzzin, Erik Johnson, Oliver Ekman-Larsson - PP : Jake Muzzin - PK : Erik Johnson, Oliver Ekman-Larsson
Penalty Shots
Alex Ovechkin, Ryan Getzlaf, Claude Giroux, Blake Wheeler, Jussi Jokinen

% Time on Ice - Ducks

Lines # - Real PCT - Wanted PCT - Time Play
Normal Forward
1 - 32% - 36% - 15:54
2 - 25% - 30% - 12:26
3 - 15% - 21% - 7:39
4 - 27% - 13% - 13:30
Normal Defense
1 - 38% - 35% - 18:46
2 - 32% - 30% - 16:03
3 - 22% - 22% - 11:04
4 - 7% - 13% - 3:36
PP Forward
1 - 55% - 60% - 2:19
2 - 45% - 40% - 1:56
PP Defense
1 - 38% - 60% - 1:37
2 - 62% - 40% - 2:38
PK Forward
1 - 85% - 60% - 5:19
2 - 15% - 40% - 0:57
PK Defense
1 - 56% - 60% - 3:30
2 - 44% - 40% - 2:46
PK3 Forward
1 - 0% - 60%
2 - 0% - 40%
PK3 Defense
1 - 0% - 60%
2 - 0% - 40%
44 Forward
1 - 0% - 60%
2 - 0% - 40%
44 Defense
1 - 0% - 60%
2 - 0% - 40%
Last Minute Offensive  - 0:00
Last Minute Defensive  - 0:00
Total
Forward - 60:00
Defense - 60:00

% Time on Ice - Jets

Lines # - Real PCT - Wanted PCT - Time Play
Normal Forward
1 - 26% - 31% - 12:45
2 - 29% - 28% - 14:18
3 - 26% - 24% - 13:04
4 - 19% - 17% - 9:22
Normal Defense
1 - 37% - 35% - 18:26
2 - 30% - 30% - 14:52
3 - 23% - 22% - 11:18
4 - 10% - 13% - 4:53
PP Forward
1 - 50% - 60% - 3:08
2 - 50% - 40% - 3:08
PP Defense
1 - 54% - 60% - 3:22
2 - 46% - 40% - 2:54
PK Forward
1 - 95% - 60% - 4:02
2 - 5% - 40% - 0:13
PK Defense
1 - 69% - 60% - 2:56
2 - 31% - 40% - 1:19
PK3 Forward
1 - 0% - 60%
2 - 0% - 40%
PK3 Defense
1 - 0% - 60%
2 - 0% - 40%
44 Forward
1 - 0% - 60%
2 - 0% - 40%
44 Defense
1 - 0% - 60%
2 - 0% - 40%
Last Minute Offensive  - 0:00
Last Minute Defensive  - 0:00
Total
Forward - 60:00
Defense - 60:00

Play by Play

1st period


0:01 of 1st period - John Tavares wins face-off versus James Sheppard in neutral zone.
0:08 of 1st period - Wrist shot by Patrick Kane.
0:08 of 1st period - Stopped by Jhonas Enroth with a rebound.
0:10 of 1st period - Wrist shot by Patrick Kane.
0:10 of 1st period - Shot Misses the Net.
0:12 of 1st period - Snap shot by John Carlson.
0:12 of 1st period - Shot Blocked by Brett Bellemore.
0:14 of 1st period - Wrist shot by John Carlson.
0:14 of 1st period - Shot Misses the Net.
0:16 of 1st period - Slapshot by John Carlson.
0:16 of 1st period - Shot Misses the Net.
0:26 of 1st period - Wrist shot by John Tavares.
0:26 of 1st period - Shot Misses the Net.
0:28 of 1st period - Slapshot by Victor Hedman.
0:28 of 1st period - Stopped by Jhonas Enroth without a rebound.
0:29 of 1st period - David Moss wins face-off versus Ryan Getzlaf in Ducks zone.
0:59 of 1st period - Slapshot by Blake Wheeler.
0:59 of 1st period - Shot Misses the Net.
1:01 of 1st period - Slapshot by Oliver Ekman-Larsson.
1:01 of 1st period - Stopped by Jhonas Enroth with a rebound.
1:03 of 1st period - Backhand shot by Erik Johnson.
1:03 of 1st period - Stopped by Jhonas Enroth with a rebound.
2:12 of 1st period - Slapshot by Jared Cowen.
2:12 of 1st period - Shot Misses the Net.
2:14 of 1st period - Slapshot by Brett Bellemore.
2:14 of 1st period - Shot Blocked by Patrik Elias.
2:20 of 1st period - Snap shot by Tom Wilson.
2:20 of 1st period - Shot Blocked by Patrik Elias.
2:22 of 1st period - Slapshot by Brett Bellemore.
2:22 of 1st period - Stopped by Jonathan Quick with a rebound.
2:24 of 1st period - Snap shot by Tom Wilson.
2:24 of 1st period - Shot Misses the Net.
2:34 of 1st period - Wrist shot by Tom Wilson.
2:34 of 1st period - Shot Misses the Net.
2:36 of 1st period - Wrist shot by Tanner Glass.
2:36 of 1st period - Shot Misses the Net.
2:38 of 1st period - Slapshot by Ryan Murphy.
2:38 of 1st period - Shot Blocked by Brad Stuart.
2:53 of 1st period - Icing by Ryan Murphy.
2:54 of 1st period - John Tavares wins face-off versus Jonathan Huberdeau in Ducks zone.
2:59 of 1st period - Snap shot by Alex Ovechkin.
2:59 of 1st period - Shot Misses the Net.
3:43 of 1st period - Snap shot by Kyle Palmieri.
3:43 of 1st period - Stopped by Jonathan Quick without a rebound.
3:44 of 1st period - Ryan Getzlaf wins face-off versus Jean-Gabriel Pageau in Jets zone.
3:44 of 1st period - Ryan Getzlaf is hit by Martin Marincin.
3:50 of 1st period - Snap shot by Ryan Getzlaf.
3:50 of 1st period - Shot Blocked by Jean-Gabriel Pageau.
4:38 of 1st period - Slapshot by James Sheppard.
4:38 of 1st period - Shot Misses the Net.
5:04 of 1st period - David Moss is hit by Victor Hedman and loses puck.
5:11 of 1st period - Snap shot by Brett Bellemore.
5:11 of 1st period - Shot Blocked by John Carlson.
5:13 of 1st period - Slapshot by Nikita Nikitin.
5:13 of 1st period - Stopped by Jonathan Quick with a rebound.
5:35 of 1st period - Snap shot by Alex Ovechkin.
5:35 of 1st period - Goal by Alex Ovechkin - Ducks : 0 - Jets : 1.
5:36 of 1st period - John Tavares wins face-off versus Jean-Gabriel Pageau in neutral zone.
6:07 of 1st period - Brad Stuart is hit by Brad Richardson and loses puck.
6:28 of 1st period - Matt Hendricks is hit by Brett Bellemore.
6:40 of 1st period - Nikita Nikitin is hit by Patrik Elias and loses puck.
7:08 of 1st period - Slapshot by Nikita Kucherov.
7:08 of 1st period - Stopped by Jonathan Quick with a rebound.
7:58 of 1st period - Martin Marincin is hit by Jussi Jokinen and loses puck.
8:55 of 1st period - Wrist shot by John Tavares.
8:55 of 1st period - Stopped by Jhonas Enroth with a rebound.
8:57 of 1st period - Minor Penalty to Martin Marincin for Hooking.
8:58 of 1st period - John Tavares wins face-off versus James Sheppard in Ducks zone.
10:19 of 1st period - Slapshot by Jean-Gabriel Pageau.
10:19 of 1st period - Shot Blocked by Ryan Getzlaf.
10:57 of 1st period - Penalty to Martin Marincin is over, Martin Marincin is back on ice.
11:26 of 1st period - Jarret Stoll is hit by Blake Comeau and loses puck.
11:49 of 1st period - Wrist shot by Brad Richardson.
11:49 of 1st period - Stopped by Jonathan Quick with a rebound.
11:51 of 1st period - Snap shot by Ryan Murphy.
11:51 of 1st period - Stopped by Jonathan Quick without a rebound.
11:52 of 1st period - Brad Richardson wins face-off versus Claude Giroux in Jets zone.
12:32 of 1st period - Minor Penalty to Tanner Glass for Tripping.
12:33 of 1st period - John Tavares wins face-off versus James Sheppard in Ducks zone.
13:09 of 1st period - Jared Cowen is hit by Alex Ovechkin and loses puck.
13:41 of 1st period - Snap shot by Blake Wheeler.
13:41 of 1st period - Goal by Blake Wheeler - Ducks : 0 - Jets : 2.
13:42 of 1st period - Jarret Stoll wins face-off versus Jonathan Huberdeau in neutral zone.
14:02 of 1st period - Slapshot by Patrik Elias.
14:02 of 1st period - Stopped by Jhonas Enroth with a rebound.
14:06 of 1st period - Wrist shot by Jarret Stoll.
14:06 of 1st period - Shot Blocked by David Moss.
14:10 of 1st period - Wrist shot by Matt Hendricks.
14:10 of 1st period - Shot Misses the Net.
14:30 of 1st period - Snap shot by Alex Ovechkin.
14:30 of 1st period - Stopped by Jhonas Enroth with a rebound.
15:24 of 1st period - Wrist shot by Blake Wheeler.
15:24 of 1st period - Shot Misses the Net.
15:26 of 1st period - Slapshot by Erik Johnson.
15:26 of 1st period - Shot Blocked by Connor Murphy.
15:38 of 1st period - Slapshot by Blake Wheeler.
15:38 of 1st period - Shot Misses the Net.
15:40 of 1st period - Slapshot by Erik Johnson.
15:40 of 1st period - Shot Misses the Net.
15:42 of 1st period - Slapshot by Erik Johnson.
15:42 of 1st period - Shot Misses the Net.
16:34 of 1st period - Matt Hendricks is hit by Tanner Glass and loses puck.
16:35 of 1st period - Matt Hendricks from Jets is injured at 16:35 of 1st period (Upper Body).
16:36 of 1st period - John Tavares wins face-off versus James Sheppard in Jets zone.
16:41 of 1st period - Wrist shot by Alex Ovechkin.
16:41 of 1st period - Shot Blocked by Brett Bellemore.
16:43 of 1st period - Snap shot by John Carlson.
16:43 of 1st period - Stopped by Jhonas Enroth with a rebound.
16:45 of 1st period - Backhand shot by Alex Ovechkin.
16:45 of 1st period - Stopped by Jhonas Enroth with a rebound.
16:59 of 1st period - Snap shot by Alex Ovechkin.
16:59 of 1st period - Shot Blocked by Brett Bellemore.
17:01 of 1st period - Snap shot by Victor Hedman.
17:01 of 1st period - Deflect By John Tavares.
17:01 of 1st period - Shot Misses the Net.
17:01 of 1st period - Puck is out of play.
17:02 of 1st period - Ryan Getzlaf wins face-off versus David Moss in Ducks zone.
17:47 of 1st period - Icing by Martin Marincin.
17:48 of 1st period - Jean-Gabriel Pageau wins face-off versus Claude Giroux in Ducks zone.
19:27 of 1st period - Slapshot by Jake Muzzin.
19:27 of 1st period - Stopped by Jhonas Enroth with a rebound.
19:29 of 1st period - Snap shot by Jarret Stoll.
19:29 of 1st period - Stopped by Jhonas Enroth with a rebound.
19:43 of 1st period - Slapshot by James Sheppard.
19:43 of 1st period - Shot Misses the Net.
19:51 of 1st period - Snap shot by Tom Wilson.
19:51 of 1st period - Shot Misses the Net.
19:53 of 1st period - Backhand shot by James Sheppard.
19:53 of 1st period - Shot Blocked by Erik Johnson.
19:55 of 1st period - Snap shot by Brett Bellemore.
19:55 of 1st period - Shot Misses the Net.
19:57 of 1st period - Wrist shot by Tom Wilson.
19:57 of 1st period - Shot Misses the Net.
19:59 of 1st period - Wrist shot by Jared Cowen.
19:59 of 1st period - Shot Misses the Net.
Goals for this period are 0 for Ducks vs 2 for Jets.
Shots for this period are 6 for Ducks vs 13 for Jets.

2nd period


0:01 of 2nd period - John Tavares wins face-off versus Jonathan Huberdeau in neutral zone.
0:17 of 2nd period - Minor Penalty to Chris Stewart for Hooking.
0:18 of 2nd period - James Sheppard wins face-off versus John Tavares in Ducks zone.
1:06 of 2nd period - Snap shot by Filip Forsberg.
1:06 of 2nd period - Goal by Filip Forsberg - Ducks : 0 - Jets : 3.
1:07 of 2nd period - Ryan Getzlaf wins face-off versus Jean-Gabriel Pageau in neutral zone.
1:13 of 2nd period - Blake Wheeler is hit by Kyle Palmieri and loses puck.
1:34 of 2nd period - Wrist shot by Ryan Getzlaf.
1:34 of 2nd period - Stopped by Jhonas Enroth with a rebound.
1:59 of 2nd period - Victor Hedman is hit by Tom Wilson and loses puck.
2:09 of 2nd period - Minor Penalty to Claude Giroux for Interference.
2:10 of 2nd period - Jean-Gabriel Pageau wins face-off versus Jarret Stoll in Jets zone.
2:13 of 2nd period - Slapshot by Nikita Nikitin.
2:13 of 2nd period - Deflect By Jonathan Huberdeau.
2:13 of 2nd period - Stopped by Jonathan Quick without a rebound.
2:14 of 2nd period - Jean-Gabriel Pageau wins face-off versus Jarret Stoll in Jets zone.
2:30 of 2nd period - Slapshot by Jonathan Huberdeau.
2:30 of 2nd period - Shot Blocked by Brad Stuart.
2:32 of 2nd period - Wrist shot by Tom Wilson.
2:32 of 2nd period - Stopped by Jonathan Quick without a rebound.
2:33 of 2nd period - Jarret Stoll wins face-off versus Brad Richardson in Jets zone.
2:50 of 2nd period - Wrist shot by James Sheppard.
2:50 of 2nd period - Deflect By Brad Richardson.
2:50 of 2nd period - Stopped by Jonathan Quick with a rebound.
3:57 of 2nd period - Wrist shot by Alex Ovechkin.
3:57 of 2nd period - Stopped by Jhonas Enroth with a rebound.
4:03 of 2nd period - Slapshot by Brett Bellemore.
4:03 of 2nd period - Goal by Brett Bellemore - Ducks : 1 - Jets : 3.
4:04 of 2nd period - David Moss wins face-off versus John Tavares in neutral zone.
4:21 of 2nd period - Slapshot by Ryan Murphy.
4:21 of 2nd period - Shot Misses the Net.
4:52 of 2nd period - Icing by Ryan Murphy.
4:53 of 2nd period - Ryan Getzlaf wins face-off versus James Sheppard in Ducks zone.
5:08 of 2nd period - Victor Hedman is hit by James Sheppard and loses puck.
5:57 of 2nd period - Blake Comeau is hit by Claude Giroux and loses puck.
6:43 of 2nd period - Jussi Jokinen is hit by Jean-Gabriel Pageau and loses puck.
6:50 of 2nd period - Jean-Gabriel Pageau is hit by Wayne Simmonds and loses puck.
7:00 of 2nd period - Off-side.
7:01 of 2nd period - John Tavares wins face-off versus David Moss in neutral zone.
7:30 of 2nd period - Slapshot by Alex Ovechkin.
7:30 of 2nd period - Shot Blocked by Connor Murphy.
8:23 of 2nd period - Wrist shot by Brad Richardson.
8:23 of 2nd period - Shot Misses the Net.
8:35 of 2nd period - Erik Johnson is hit by Jared Cowen and loses puck.
9:33 of 2nd period - Wrist shot by Kyle Palmieri.
9:33 of 2nd period - Stopped by Jonathan Quick without a rebound.
9:34 of 2nd period - Jean-Gabriel Pageau wins face-off versus Alex Ovechkin in Jets zone.
10:22 of 2nd period - Icing by Jussi Jokinen.
10:23 of 2nd period - Claude Giroux wins face-off versus James Sheppard in Jets zone.
10:34 of 2nd period - Wrist shot by Tanner Glass.
10:34 of 2nd period - Shot Misses the Net.
10:36 of 2nd period - Snap shot by Tom Wilson.
10:36 of 2nd period - Shot Misses the Net.
10:38 of 2nd period - Slapshot by Jared Cowen.
10:38 of 2nd period - Shot Misses the Net.
10:56 of 2nd period - Kyle Palmieri is hit by Filip Forsberg and loses puck.
11:28 of 2nd period - Off-side.
11:29 of 2nd period - Jarret Stoll wins face-off versus David Moss in neutral zone.
12:08 of 2nd period - Minor Penalty to Chris Stewart for Hooking.
12:09 of 2nd period - Ryan Getzlaf wins face-off versus James Sheppard in Ducks zone.
12:16 of 2nd period - Snap shot by Ryan Getzlaf.
12:16 of 2nd period - Deflect By Nikita Nikitin.
12:16 of 2nd period - Shot Misses the Net.
12:16 of 2nd period - Puck is out of play.
12:17 of 2nd period - Ryan Getzlaf wins face-off versus James Sheppard in Ducks zone.
12:36 of 2nd period - Snap shot by Blake Wheeler.
12:36 of 2nd period - Shot Blocked by Martin Marincin.
12:50 of 2nd period - Backhand shot by Blake Wheeler.
12:50 of 2nd period - Goal by Blake Wheeler - Ducks : 1 - Jets : 4.
12:50 of 2nd period - Jonathan Bernier enters game.
12:51 of 2nd period - Claude Giroux wins face-off versus Jean-Gabriel Pageau in neutral zone.
13:00 of 2nd period - Wayne Simmonds is hit by Jared Cowen and loses puck.
13:25 of 2nd period - Wrist shot by Kyle Palmieri.
13:25 of 2nd period - Shot Blocked by Erik Johnson.
13:37 of 2nd period - Wrist shot by Alex Ovechkin.
13:37 of 2nd period - Stopped by Jonathan Bernier without a rebound.
13:38 of 2nd period - John Tavares wins face-off versus Tanner Glass in Ducks zone.
14:02 of 2nd period - Wrist shot by Tom Wilson.
14:02 of 2nd period - Shot Blocked by Patrick Kane.
14:04 of 2nd period - Wrist shot by Nikita Nikitin.
14:04 of 2nd period - Shot Misses the Net.
14:06 of 2nd period - Slapshot by Connor Murphy.
14:06 of 2nd period - Shot Blocked by Patrick Kane.
14:34 of 2nd period - Victor Hedman is hit by Jonathan Huberdeau and loses puck.
15:05 of 2nd period - Snap shot by Brad Richardson.
15:05 of 2nd period - Shot Blocked by John Carlson.
15:46 of 2nd period - Snap shot by Wayne Simmonds.
15:46 of 2nd period - Deflect By Claude Giroux.
15:46 of 2nd period - Shot Blocked by Ryan Murphy.
15:46 of 2nd period - Puck is out of play.
15:47 of 2nd period - James Sheppard wins face-off versus Jarret Stoll in Ducks zone.
15:47 of 2nd period - James Sheppard is hit by Patrik Elias.
16:14 of 2nd period - Minor Penalty to Jarret Stoll for Tripping.
16:15 of 2nd period - Claude Giroux wins face-off versus Brad Richardson in Jets zone.
17:01 of 2nd period - Martin Marincin is hit by Brad Stuart and loses puck.
17:29 of 2nd period - John Carlson is hit by Tanner Glass.
17:33 of 2nd period - Brett Bellemore is hit by Brad Stuart and loses puck.
18:14 of 2nd period - Penalty to Jarret Stoll is over, Jarret Stoll is back on ice.
18:25 of 2nd period - Blake Comeau is hit by Erik Johnson.
18:57 of 2nd period - Nikita Nikitin is hit by Erik Johnson and loses puck.
19:20 of 2nd period - Slapshot by Patrick Kane.
19:20 of 2nd period - Shot Blocked by Jean-Gabriel Pageau.
19:22 of 2nd period - Slapshot by Patrick Kane.
19:22 of 2nd period - Goal by Patrick Kane - Ducks : 1 - Jets : 5.
19:23 of 2nd period - John Tavares wins face-off versus Blake Comeau in neutral zone.
19:40 of 2nd period - Snap shot by Chris Stewart.
19:40 of 2nd period - Stopped by Jonathan Quick with a rebound.
19:42 of 2nd period - Slapshot by Jared Cowen.
19:42 of 2nd period - Stopped by Jonathan Quick with a rebound.
19:58 of 2nd period - Snap shot by Alex Ovechkin.
19:58 of 2nd period - Shot Misses the Net.
Goals for this period are 1 for Ducks vs 3 for Jets.
Shots for this period are 7 for Ducks vs 6 for Jets.

3rd period


0:01 of 3rd period - John Tavares wins face-off versus Jonathan Huberdeau in neutral zone.
0:08 of 3rd period - Snap shot by Alex Ovechkin.
0:08 of 3rd period - Stopped by Jonathan Bernier with a rebound.
0:28 of 3rd period - Wrist shot by Patrick Kane.
0:28 of 3rd period - Shot Blocked by Brett Bellemore.
0:30 of 3rd period - Wrist shot by Patrick Kane.
0:30 of 3rd period - Stopped by Jonathan Bernier with a rebound.
0:32 of 3rd period - Snap shot by Erik Johnson.
0:32 of 3rd period - Shot Blocked by Jared Cowen.
0:44 of 3rd period - Minor Penalty to Brett Bellemore for Roughing.
0:45 of 3rd period - Blake Wheeler wins face-off versus James Sheppard in Ducks zone.
1:00 of 3rd period - Backhand shot by Filip Forsberg.
1:00 of 3rd period - Stopped by Jonathan Bernier with a rebound.
1:02 of 3rd period - Slapshot by Ryan Getzlaf.
1:02 of 3rd period - Shot Blocked by Martin Marincin.
1:04 of 3rd period - Snap shot by Erik Johnson.
1:04 of 3rd period - Shot Misses the Net.
1:08 of 3rd period - Slapshot by Ryan Getzlaf.
1:08 of 3rd period - Shot Blocked by James Sheppard.
1:10 of 3rd period - Backhand shot by Oliver Ekman-Larsson.
1:10 of 3rd period - Shot Blocked by Nikita Nikitin.
1:16 of 3rd period - Slapshot by Blake Wheeler.
1:16 of 3rd period - Shot Misses the Net.
1:37 of 3rd period - Snap shot by Alex Ovechkin.
1:37 of 3rd period - Deflect By Patrick Kane.
1:37 of 3rd period - Stopped by Jonathan Bernier without a rebound.
1:38 of 3rd period - John Tavares wins face-off versus James Sheppard in Ducks zone.
1:55 of 3rd period - Snap shot by Patrick Kane.
1:55 of 3rd period - Shot Hit the Post.
2:17 of 3rd period - Snap shot by Ryan Getzlaf.
2:17 of 3rd period - Stopped by Jonathan Bernier with a rebound.
2:19 of 3rd period - Slapshot by John Carlson.
2:19 of 3rd period - Shot Misses the Net.
2:21 of 3rd period - Wrist shot by Filip Forsberg.
2:21 of 3rd period - Goal by Filip Forsberg - Ducks : 1 - Jets : 6.
2:22 of 3rd period - Claude Giroux wins face-off versus Jean-Gabriel Pageau in neutral zone.
2:35 of 3rd period - Wrist shot by Wayne Simmonds.
2:35 of 3rd period - Shot Blocked by Martin Marincin.
2:43 of 3rd period - Snap shot by Kyle Palmieri.
2:43 of 3rd period - Shot Misses the Net.
4:27 of 3rd period - Slapshot by Patrick Kane.
4:27 of 3rd period - Stopped by Jonathan Bernier without a rebound.
4:28 of 3rd period - Jarret Stoll wins face-off versus Brad Richardson in Ducks zone.
4:44 of 3rd period - Icing by Jarret Stoll.
4:45 of 3rd period - Brad Richardson wins face-off versus Jarret Stoll in Jets zone.
5:27 of 3rd period - Wrist shot by Nikita Kucherov.
5:27 of 3rd period - Shot Blocked by Brad Stuart.
5:50 of 3rd period - Icing by Connor Murphy.
5:51 of 3rd period - Jussi Jokinen wins face-off versus Tanner Glass in Ducks zone.
6:24 of 3rd period - Off-side.
6:25 of 3rd period - Ryan Getzlaf wins face-off versus Jean-Gabriel Pageau in neutral zone.
6:44 of 3rd period - Wrist shot by Kyle Palmieri.
6:44 of 3rd period - Shot Misses the Net.
8:09 of 3rd period - Claude Giroux is hit by Blake Comeau and loses puck.
8:46 of 3rd period - Wrist shot by Jean-Gabriel Pageau.
8:46 of 3rd period - Stopped by Jonathan Quick without a rebound.
8:47 of 3rd period - Jarret Stoll wins face-off versus Jean-Gabriel Pageau in Jets zone.
8:56 of 3rd period - Snap shot by Alex Ovechkin.
8:56 of 3rd period - Deflect By Patrik Elias.
8:56 of 3rd period - Deflect By Jean-Gabriel Pageau.
8:56 of 3rd period - Shot Blocked by Nikita Nikitin.
8:56 of 3rd period - Puck is out of play.
8:57 of 3rd period - Jean-Gabriel Pageau wins face-off versus Jarret Stoll in Ducks zone.
9:25 of 3rd period - Slapshot by Nikita Kucherov.
9:25 of 3rd period - Shot Blocked by Jarret Stoll.
9:27 of 3rd period - Slapshot by Ryan Murphy.
9:27 of 3rd period - Stopped by Jonathan Quick without a rebound.
9:28 of 3rd period - Ryan Getzlaf wins face-off versus David Moss in Jets zone.
9:58 of 3rd period - Snap shot by James Sheppard.
9:58 of 3rd period - Shot Misses the Net.
10:00 of 3rd period - Slapshot by Jared Cowen.
10:00 of 3rd period - Stopped by Jonathan Quick with a rebound.
10:02 of 3rd period - Slapshot by Jared Cowen.
10:02 of 3rd period - Deflect By Ryan Getzlaf.
10:02 of 3rd period - Stopped by Jonathan Quick without a rebound.
10:03 of 3rd period - Claude Giroux wins face-off versus James Sheppard in Jets zone.
10:07 of 3rd period - Off-side.
10:08 of 3rd period - Claude Giroux wins face-off versus James Sheppard in neutral zone.
10:23 of 3rd period - Snap shot by Claude Giroux.
10:23 of 3rd period - Deflect By Nikita Nikitin.
10:23 of 3rd period - Stopped by Jonathan Bernier with a rebound.
10:25 of 3rd period - Wrist shot by Wayne Simmonds.
10:25 of 3rd period - Shot Misses the Net.
10:35 of 3rd period - Wrist shot by Claude Giroux.
10:35 of 3rd period - Shot Blocked by Tanner Glass.
10:37 of 3rd period - Slapshot by John Carlson.
10:37 of 3rd period - Stopped by Jonathan Bernier without a rebound.
10:38 of 3rd period - Blake Wheeler wins face-off versus David Moss in Ducks zone.
10:39 of 3rd period - Wrist shot by Filip Forsberg.
10:39 of 3rd period - Stopped by Jonathan Bernier with a rebound.
10:52 of 3rd period - Jared Cowen beats up Blake Wheeler.
10:52 of 3rd period - Penalty to Blake Wheeler for Fighting.
10:52 of 3rd period - Penalty to Jared Cowen for Fighting.
10:53 of 3rd period - David Moss wins face-off versus John Tavares in Ducks zone.
10:59 of 3rd period - Off-side.
11:00 of 3rd period - David Moss wins face-off versus Patrick Kane in neutral zone.
11:09 of 3rd period - Snap shot by Nikita Kucherov.
11:09 of 3rd period - Shot Misses the Net.
11:11 of 3rd period - Slapshot by Nikita Nikitin.
11:11 of 3rd period - Deflect By Jake Muzzin.
11:11 of 3rd period - Stopped by Jonathan Quick with a rebound.
11:25 of 3rd period - Wrist shot by Jonathan Huberdeau.
11:25 of 3rd period - Deflect By Erik Johnson.
11:25 of 3rd period - Shot Misses the Net.
11:25 of 3rd period - Puck is out of play.
11:26 of 3rd period - James Sheppard wins face-off versus Ryan Getzlaf in Jets zone.
12:21 of 3rd period - Jussi Jokinen is hit by Martin Marincin and loses puck.
12:30 of 3rd period - Snap shot by Claude Giroux.
12:30 of 3rd period - Shot Misses the Net.
12:42 of 3rd period - Erik Johnson is hit by Kyle Palmieri and loses puck.
13:44 of 3rd period - Brad Stuart is hit by David Moss.
13:48 of 3rd period - Slapshot by Ryan Getzlaf.
13:48 of 3rd period - Stopped by Jonathan Bernier with a rebound.
13:56 of 3rd period - Minor Penalty to Ryan Getzlaf for Slashing.
13:57 of 3rd period - Brad Richardson wins face-off versus Jarret Stoll in Jets zone.
14:06 of 3rd period - Slapshot by Martin Marincin.
14:06 of 3rd period - Shot Misses the Net.
14:08 of 3rd period - Slapshot by Martin Marincin.
14:08 of 3rd period - Shot Misses the Net.
14:10 of 3rd period - Slapshot by Nikita Nikitin.
14:10 of 3rd period - Shot Blocked by Brad Stuart.
14:12 of 3rd period - Slapshot by Nikita Nikitin.
14:12 of 3rd period - Stopped by Jonathan Quick with a rebound.
14:14 of 3rd period - Slapshot by Nikita Nikitin.
14:14 of 3rd period - Shot Hit the Post.
14:16 of 3rd period - Slapshot by Martin Marincin.
14:16 of 3rd period - Stopped by Jonathan Quick with a rebound.
14:18 of 3rd period - Snap shot by James Sheppard.
14:18 of 3rd period - Goal by James Sheppard - Ducks : 2 - Jets : 6.
14:19 of 3rd period - James Sheppard wins face-off versus John Tavares in neutral zone.
14:38 of 3rd period - Slapshot by Tom Wilson.
14:38 of 3rd period - Shot Blocked by Erik Johnson.
14:50 of 3rd period - Snap shot by Patrick Kane.
14:50 of 3rd period - Stopped by Jonathan Bernier with a rebound.
15:12 of 3rd period - Snap shot by Ryan Getzlaf.
15:12 of 3rd period - Shot Misses the Net.
15:14 of 3rd period - Snap shot by John Carlson.
15:14 of 3rd period - Stopped by Jonathan Bernier with a rebound.
15:16 of 3rd period - Wrist shot by Ryan Getzlaf.
15:16 of 3rd period - Stopped by Jonathan Bernier with a rebound.
15:18 of 3rd period - Snap shot by Filip Forsberg.
15:18 of 3rd period - Shot Misses the Net.
16:17 of 3rd period - Backhand shot by Nikita Kucherov.
16:17 of 3rd period - Shot Misses the Net.
16:19 of 3rd period - Snap shot by Nikita Kucherov.
16:19 of 3rd period - Goal by Nikita Kucherov - Ducks : 3 - Jets : 6.
16:20 of 3rd period - John Tavares wins face-off versus Jonathan Huberdeau in neutral zone.
16:23 of 3rd period - Jonathan Huberdeau is hit by Alex Ovechkin and loses puck.
16:30 of 3rd period - Slapshot by Blake Comeau.
16:30 of 3rd period - Stopped by Jonathan Quick with a rebound.
16:36 of 3rd period - Wrist shot by Chris Stewart.
16:36 of 3rd period - Shot Blocked by Alex Ovechkin.
16:38 of 3rd period - Snap shot by Chris Stewart.
16:38 of 3rd period - Shot Hit the Post.
16:42 of 3rd period - Wrist shot by Chris Stewart.
16:42 of 3rd period - Stopped by Jonathan Quick without a rebound.
16:43 of 3rd period - Jean-Gabriel Pageau wins face-off versus Ryan Getzlaf in Jets zone.
17:50 of 3rd period - Slapshot by Alex Ovechkin.
17:50 of 3rd period - Stopped by Jonathan Bernier with a rebound.
18:36 of 3rd period - Wrist shot by Claude Giroux.
18:36 of 3rd period - Stopped by Jonathan Bernier with a rebound.
19:14 of 3rd period - Tanner Glass is hit by John Carlson and loses puck.
19:23 of 3rd period - Snap shot by John Tavares.
19:23 of 3rd period - Shot Blocked by Connor Murphy.
19:25 of 3rd period - Snap shot by Patrik Elias.
19:25 of 3rd period - Stopped by Jonathan Bernier with a rebound.
19:41 of 3rd period - Wrist shot by Kyle Palmieri.
19:41 of 3rd period - Stopped by Jonathan Quick with a rebound.
19:45 of 3rd period - Snap shot by Kyle Palmieri.
19:45 of 3rd period - Stopped by Jonathan Quick with a rebound.
19:47 of 3rd period - Slapshot by Jared Cowen.
19:47 of 3rd period - Shot Misses the Net.
19:49 of 3rd period - Slapshot by Jared Cowen.
19:49 of 3rd period - Shot Misses the Net.
19:51 of 3rd period - Slapshot by Jared Cowen.
19:51 of 3rd period - Stopped by Jonathan Quick with a rebound.
19:53 of 3rd period - Slapshot by Brett Bellemore.
19:53 of 3rd period - Stopped by Jonathan Quick without a rebound.
19:54 of 3rd period - Jean-Gabriel Pageau wins face-off versus Jarret Stoll in Jets zone.
19:59 of 3rd period - Snap shot by Kyle Palmieri.
19:59 of 3rd period - Shot Misses the Net.
Goals for this period are 2 for Ducks vs 1 for Jets.
Shots for this period are 15 for Ducks vs 17 for Jets.